 Dungeon Crawl Stone Soup version 0.31-a0-675-g238779eb0a (webtiles) character file.

Game seed: 7144760280938604925

5334 Newt the Fighter (level 10, -3/66 HPs)
             Began as a Gargoyle Fighter on Sept 5, 2023.
             Was an Initiate of Gozag.
             Slain by a skeletal warrior
             ... wielding a +0 glaive
              (15 damage)
             ... on level 7 of the Dungeon.
             The game lasted 00:11:54 (8643 turns).

Newt the Fighter (Gargoyle Fighter)                 Turns: 8643, Time: 00:11:54

Health: -3/66      AC: 33    Str: 28    XL:     10   Next: 64%
Magic:  10/10      EV: 23    Int: 10    God:    Gozag
Gold:   1152       SH: 10    Dex:  9    Spells: 9/9 levels left

rFire   + + .        M - +1 morningstar (protect)
rCold   + . .        f - +1 kite shield
rNeg    + . .        E - +8 chain mail {ponderous}
rPois   ∞            (no helmet)
rElec   +            h - scarf "Zevvussi" {rC+ rF+, Slay+5}
rCorr   .            O - +0 pair of gloves of Refuge {Str+5}
SInv    .            (no boots)
Will    .....        G - amulet of the acrobat Stlth
                     e - ring of protection from fire
HPRegen 0.31/turn    (no ring)
MPRegen 0.12/turn

%: acrobat
@: under a protective aura, acrobatic, slow
A: sickness immunity, AC +7, negative energy resistance 1, electricity
resistance, torment resistance 1, petrification resistance
a: Renounce Religion, Potion Petition, Call Merchant, Bribe Branch


You were on level 7 of the Dungeon.
You worshipped Gozag.
Gozag was most pleased with you.
You visited 2 branches of the dungeon, and saw 9 of its levels.
You also visited: Sewer and Bailey.

You collected 1259 gold pieces.
You paid 107 gold pieces to Gozag.

Inventory:

Hand Weapons
 a - a +0 flail
 C - a +0 flail of protection
 M - a +1 morningstar of protection (weapon)
Missiles
 j - 24 boomerangs (quivered)
 x - 18 poisoned darts
Armour
 b - a +0 scale mail
 c - a +0 buckler
 f - a +1 kite shield (worn)
 h - the scarf "Zevvussi" (worn) {rC+ rF+, Slay+5}
   (You acquired it on level 2 of the Dungeon)

   Slay+5:    It affects your accuracy & damage with ranged weapons and melee
   (+5).
 o - the +5 leather armour of Lugonu's Hope {Harm rPois rF+}
   (You found it on level 2 of the Dungeon)

   rF+:       It protects you from fire.
   rPois:     It protects you from poison Harm: It increases damage dealt and
   taken.
 w - a +0 cloak
 y - a +0 pair of gloves
 E - a +8 chain mail of ponderousness (worn)
 O - the +0 pair of gloves of Refuge (worn) {Str+5}
   (You found it in a bailey)

   Str+5:     It affects your strength (+5).
Jewellery
 e - a ring of protection from fire (left hand)
 z - a ring of protection from fire
 G - an amulet of the acrobat (around neck)
 L - an amulet of magic regeneration
Talismans
 B - a granite talisman
Wands
 d - a wand of mindburst (10)
 s - a wand of acid (12)
Scrolls
 g - 3 scrolls of amnesia
 p - 2 scrolls of teleportation
 q - 2 scrolls of identify
 t - 2 scrolls of poison
 v - a scroll of enchant armour
 D - a scroll of vulnerability
 H - a scroll of torment
 I - a scroll of immolation
 J - a scroll of enchant weapon
 N - a scroll of brand weapon {unknown}
Potions
 i - a potion of curing
 k - 4 potions of enlightenment
 l - a potion of cancellation
 m - a potion of brilliance
 n - 3 potions of attraction
 r - a potion of berserk rage
 u - 3 potions of degeneration
 A - 2 potions of lignification
 K - 3 potions of haste
Miscellaneous
 F - a phantom mirror


   Skills:
 - Level 9.0 Fighting
 - Level 8.9 Maces & Flails
 + Level 6.0 Throwing
 - Level 5.0 Armour
 - Level 6.0 Shields
 - Level 5.0 Evocations


You had 9 spell levels left.
You didn't know any spells.
Your spell library contained the following spells:

 Spells                   Type           Power      Damage    Failure   Level
 Summon Guardian Golem    Hex/Summ       0%         N/A       100%        3
 Fireball                 Conj/Fire      0%         3d3       100%        5
 Iskenderun's Battlesphe  Conj           0%         2d6       100%        5
 Conjure Ball Lightning   Conj/Air       0%         3x3d6     100%        6
 Orb of Destruction       Conj           0%         9d5       100%        7
 Spellforged Servitor     Conj/Summ      0%         N/A       100%        7
 Chain Lightning          Conj/Air       0%         N/A       100%        9
 Fire Storm               Conj/Fire      0%         5d1       100%        9
 Shatter                  Erth           0%         3d5*      100%        9


Dungeon Overview and Level Annotations

Branches:
Dungeon (8/15)             Temple (1/1) D:5           Sewer (visited)
 Bailey (visited)
   Lair: D:8-11

Altars:
Ashenzari
Cheibriados
Dithmenos
Fedhas
Gozag
Hepliaklqana
Kikubaaqudgha
Makhleb
Nemelex Xobeh
Okawaru
Qazlal
Ru
Sif Muna
Trog
Vehumet
Wu Jian
Xom
Zin
The Shining One


Innate Abilities, Weirdness & Mutations

You are immune to sickness and miasma.
Your stone body is resilient. (AC +7)
You are immune to poison.
You resist negative energy. (rN+)
You are resistant to electric shocks. (rElec)
You are resistant to unholy torment.
You are immune to petrification.


Message History

You closely miss the skeletal warrior.
The skeletal warrior is moderately damaged.
The skeletal warrior hits you with a +0 glaive!
You hit the skeletal warrior but do no damage.
The skeletal warrior is moderately damaged.
The skeletal warrior barely misses you.
You hit the skeletal warrior.
The skeletal warrior is moderately damaged.
You block the skeletal warrior's attack.
You bludgeon the skeletal warrior!!
The skeletal warrior is severely damaged.
You block the skeletal warrior's attack. x2
You completely miss the skeletal warrior.
The skeletal warrior is heavily damaged.
The skeletal warrior hits you but does no damage.
You barely miss the skeletal warrior.
The skeletal warrior is heavily damaged.
You block the skeletal warrior's attack.
You closely miss the skeletal warrior.
The skeletal warrior is heavily damaged.
The skeletal warrior hits you with a +0 glaive.
You hit the skeletal warrior but do no damage.
The skeletal warrior is heavily damaged.
The skeletal warrior completely misses you.
You hit the skeletal warrior.
The skeletal warrior is heavily damaged.
The skeletal warrior hits you but does no damage.
You closely miss the skeletal warrior.
The skeletal warrior is heavily damaged.
The skeletal warrior hits you from afar with a +0 halberd!
The skeletal warrior barely misses you.
You hit the skeletal warrior but do no damage.
The skeletal warrior is heavily damaged.
The skeletal warrior hits you but does no damage.
The skeletal warrior hits you with a +0 glaive!
* * * LOW HITPOINT WARNING * * *
Unknown command.
The skeletal warrior hits you from afar with a +0 glaive!
You die...
Your body crumbles into a pile of gold.

#..# #. ###.# #.##
#..# #.##.#.###.#
#..######.#.#......#
#..............#####
#.#######..###.##
#.#######. ##.#
#.##..... #.#
#.##.####.## #.#
#...@......# .##
####.###..#. .. #z#
.#. .z. #.#. .#.## #
#. #.#.# #. # #.#
#.# ## ... ..


You could see 2 skeletal warriors.

Vanquished Creatures
  3 skeletal warriors
  6 humans (D:6)
  2 ice beasts
  A sky beast (D:7)
  A black bear (D:4)
  6 orc warriors
  2 phantoms (D:5)
  A kobold brigand (D:8)
  3 bullfrogs
  5 scorpions
  A howler monkey (D:5)
  5 hounds
  4 jellies
  Crazy Yiuf (D:3)
  3 orc priests
  A gnoll bouda (D:8)
  A sleepcap (D:3)
  7 iguanas
  9 orc wizards
  5 gnolls
  3 river rats (D:4)
  15 adders
  A shadow imp (D:5)
  A white imp (D:7)
  4 dart slugs
  36 orcs
  4 bats
  6 endoplasms
  11 giant cockroaches
  16 goblins
  8 hobgoblins
  4 jackals (D:3)
  22 kobolds
  5 quokkas
  8 ball pythons
  12 frilled lizards
  5 rats
  A butterfly (D:5)
229 creatures vanquished.

Vanquished Creatures (others)
  A quokka (D:8)
1 creature vanquished.

Grand Total: 230 creatures vanquished

Notes
Turn   | Place    | Note
-------+----------+-------------------------------------------
     0 | D:1      | Newt the Gargoyle Fighter began the quest for the Orb.
     0 | D:1      | Reached XP level 1. HP: 14/14 MP: 1/1
   242 | D:1      | Reached XP level 2. HP: 20/20 MP: 2/2
   258 | D:1      | Reached skill level 4 in Fighting
  1054 | D:2      | Identified a scroll of acquirement
  1054 | D:2      | Acquired the scarf "Zevvussi" {rC+ rF+, Slay+5}
  1136 | D:2      | Reached XP level 3. HP: 24/24 MP: 3/3
  1308 | D:2      | Reached skill level 5 in Fighting
  1367 | D:2      | Reached XP level 4. HP: 31/31 MP: 4/4
  1411 | D:2      | Identified the +5 leather armour of Lugonu's Hope {Harm
                  | rPois rF+}
  1553 | D:2      | Found a faded altar of an unknown god.
  1601 | D:3      | Found a sacrificial altar of Ru.
  1818 | D:3      | Found a runed translucent door.
  1819 | D:3      | Noticed Crazy Yiuf
  1880 | D:3      | Reached XP level 5. HP: 35/35 MP: 5/5
  2344 | D:3      | Killed Crazy Yiuf
  2418 | D:4      | Reached skill level 5 in Maces & Flails
  2418 | D:4      | Reached XP level 6. HP: 36/40 MP: 6/6
  2425 | D:4      | Found a glowing drain.
  2437 | Sewer    | Entered a sewer
  2674 | Sewer    | Reached skill level 5 in Armour
  2858 | D:4      | Found a burning altar of Makhleb.
  2859 | D:4      | Found a glowing golden altar of the Shining One.
  2891 | D:4      | Noticed a black bear
  2896 | D:4      | Killed a black bear
  2897 | D:4      | Reached XP level 7. HP: 38/44 MP: 7/7
  3250 | D:4      | Found a radiant altar of Vehumet.
  3575 | D:5      | Entered Level 5 of the Dungeon
  3640 | D:5      | Found a staircase to the Ecumenical Temple.
  3703 | Temple   | Entered the Ecumenical Temple
  3709 | Temple   | Became a worshipper of Gozag Ym Sagoz the Greedy
  3998 | D:5      | Reached XP level 8. HP: 37/49 MP: 8/8
  4129 | D:5      | Reached skill level 5 in Shields
  4774 | D:6      | Reached skill level 6 in Fighting
  4782 | D:6      | Reached skill level 7 in Fighting
  4782 | D:6      | Reached XP level 9. HP: 57/57 MP: 9/9
  4796 | D:6      | Reached skill level 8 in Fighting
  4924 | D:6      | Reached skill level 9 in Fighting
  5165 | D:6      | Reached skill level 1 in Evocations
  5225 | D:6      | You fall into a shaft and drop 1 floor!
  5728 | D:7      | Noticed a skeletal warrior
  5738 | D:7      | Noticed a skeletal warrior
  5742 | D:7      | Noticed a skeletal warrior
  5743 | D:7      | Noticed a skeletal warrior
  6284 | D:7      | Noticed a skeletal warrior
  6323 | D:6      | Killed a skeletal warrior
  6324 | D:6      | Reached skill level 5 in Evocations
  6563 | D:7      | Reached XP level 10. HP: 66/66 MP: 10/10
  7001 | D:8      | Found a flagged portal.
  7019 | D:8      | Found a sparkling altar of Nemelex Xobeh.
  7031 | Bailey   | Entered a bailey
  7172 | Bailey   | Reached skill level 1 in Throwing
  7520 | Bailey   | Identified the +0 pair of gloves of Refuge {Str+5}
  7603 | D:8      | Found an iron altar of Okawaru.
  8156 | D:7      | Killed a skeletal warrior
  8175 | D:7      | Reached skill level 5 in Throwing
  8384 | D:7      | Killed a skeletal warrior
  8643 | D:7      | Slain by a skeletal warrior

Illustrated notes

Levels and vault maps discovered:
D:1:      evilmike_arrival_hilbert_curve, layout_basic
D:2:      layout_basic, shapermc_ecumenical_altar_hornbeckon,
          chequers_serial_rivers_micro_d
D:3:      layout_basic, nicolae_ru_awakened_eye, uniq_crazy_yiuf_cottage
D:4:      layout_loops_corners, kennysheep_little_box, nicolae_overflow_squiral,
          portal_sewer_entry_e, minmay_misc_feat_chi, grunt_ministairs_10,
          minivault_25, minmay_misc_feat_x, dk_rats_in_the_wall
D:5:      layout_basic, minmay_temple_entry_butterflies, minmay_joined_circles
D:6:      layout_loops_cross, minmay_ruffians
D:7:      layout_loops_ring
D:8:      layout_basic, mainiacjoe_overflow_catch_the_wave, elyvilon_altar_4,
          enter_bailey_5
Temple:   compressed_dpeg_triangle_lava_temple

Skill      XL: |  1  2  3  4  5  6  7  8  9 10 |
---------------+-------------------------------+-----
Fighting       | 4 5 7 9 |  9.0
Maces & Flails | 3 5 7 8 |  8.9
Armour         | 5 |  5.0
Shields        | 6 |  6.0
Evocations     | 5 |  5.0
Throwing       | 6 |  6.0

Action                     |  1- 3 |  4- 6 |  7- 9 | 10-12 || total
---------------------------+-------+-------+-------+-------++-------
  Melee: Flail             |    79 |   195 |   288 |    59 ||   621
         Morningstar       |       |       |       |   155 ||   155
  Throw: Dart              |       |     1 |       |       ||     1
         Boomerang         |       |       |       |     3 ||     3
  Evoke: Wand              |       |     1 |     2 |     1 ||     4
    Use: Scroll            |     5 |     8 |     9 |     2 ||    24
         Potion            |       |       |     2 |       ||     2
   Stab: Distracted        |       |       |     1 |       ||     1
 Armour: Scale mail        |    51 |     2 |       |       ||    53
         Leather armour    |       |   157 |    91 |       ||   248
         Chain mail        |       |       |   107 |   139 ||   246
  Dodge: Dodged            |    27 |    99 |    71 |    62 ||   259
  Block: Kite shield       |    38 |   122 |   114 |   129 ||   403
         Buckler           |     1 |       |       |       ||     1

Table legend: (Time is in decaauts)
 A = Elapsed time spent in this place.
 B = Non-inter-level travel time spent in this place.
 C = Inter-level travel time spent in this place.
 D = Time resting spent in this place.
 E = Time spent auto-exploring this place.
 F = Levels seen in this place.
 G = Mean time per level.
                   A        B        C        D        E       F      G
               +--------+--------+--------+--------+--------+-----+--------+
         Total |   9104 |   8716 |    388 |   1622 |   4981 |  11 |  827.6 |
       Dungeon |   8130 |   7753 |    377 |   1622 |   4564 |   8 | 1016.2 |
        Temple |     12 |      1 |     11 |      0 |      0 |   1 |   12.0 |
         Sewer |    358 |    358 |      0 |      0 |    104 |   1 |  358.0 |
        Bailey |    603 |    603 |      0 |      0 |    312 |   1 |  603.0 |
               +--------+--------+--------+--------+--------+-----+--------+

Top non-repeatable levels by time:
     D:5: 1689 daAuts
     D:6: 1486 daAuts
     D:7: 1085 daAuts
     D:1: 988 daAuts
     D:4: 929 daAuts
     D:3: 805 daAuts
     D:2: 651 daAuts
  Bailey: 603 daAuts
     D:8: 493 daAuts
   Sewer: 358 daAuts
  Temple: 12 daAuts
